 Dungeon Crawl Stone Soup version 0.27.0-1-g7a089689b8 (webtiles) character file.

Game seed: 14688979840961877491

2121 Spectrina the Thaumaturge (level 9, -4/55 HPs)
             Began as a Djinni Necromancer on Aug 17, 2021.
             Was a Priest of Cheibriados.
             Slain by a gnoll (6 damage)
             ... on level 5 of the Dungeon.
             The game lasted 00:28:19 (2101 turns).

Spectrina the Thaumaturge (Djinni Necromancer)      Turns: 2101, Time: 00:28:20

Health: -4/55      AC:  4    Str: 14    XL:     9   Next: 54%
Gold:   207        EV: 13    Int: 27    God:    Cheibriados [***...] SH:  0 Dex: 27

rFire    + + .     SeeInvis .   b - +0 hunting sling
rCold    x . .     Faith    .   (no shield)
rNeg     . . .     Spirit   .   i - +0 robe
rPois    ∞         Reflect  .   (no helmet)
rElec    .         Harm     .   (no cloak)
rCorr    +         Rampage  .   C - +1 pair of gloves
Will     .....                  (boots unavailable)
Stlth    +++.......             c - amulet of regeneration
HPRegen  1.18/turn              B - ring of resist corrosion
MPRegen  0.00/turn              E - +6 ring of dexterity

@: flying, very slow
A: sickness immunity, fire resistance 2, cold vulnerability 1, float, innate
caster, hp casting, extra vitality 1
a: Renounce Religion, Bend Time, Temporal Distortion


You were on level 5 of the Dungeon.
You worshipped Cheibriados.
Cheibriados was most pleased with you.
You visited 1 branch of the dungeon, and saw 7 of its levels.

You collected 272 gold pieces.
You spent 65 gold pieces at shops.

Inventory:

Hand Weapons
 a - a +5 long sword
 b - a +0 hunting sling (weapon)
 x - a +1 dire flail of pain
 F - a +1 mace of protection
Missiles
 d - 158 stones
 e - 22 bolts
 m - 26 arrows
 s - 11 sling bullets (quivered ammo)
 z - a throwing net
Armour
 i - a +0 robe (worn)
 u - a +0 pair of gloves
 C - a +1 pair of gloves (worn)
Magical Staves
 I - a staff of earth
Jewellery
 c - an amulet of regeneration (around neck)
 y - an amulet of faith
 B - a ring of resist corrosion (left hand)
 E - a +6 ring of dexterity (right hand)
Wands
 D - a wand of flame (12)
 H - a wand of iceblast (7)
Scrolls
 h - a scroll of magic mapping
 p - 2 scrolls of teleportation
 r - a scroll of holy word
 v - a scroll of fog
 A - a scroll of enchant armour
 G - a scroll of blinking {unknown}
Potions
 f - 4 potions of brilliance
 g - 2 potions of resistance {unknown}
 j - a potion of attraction {unknown}
 k - a potion of might {unknown}
 l - a potion of haste {unknown}
 n - 2 potions of lignification {unknown}
 o - a potion of heal wounds {unknown}
 q - a potion of invisibility {unknown}
 t - 2 potions of curing {unknown}
 w - a potion of mutation {unknown}


   Skills:
 - Level 2.1 Dodging
 - Level 1.5 Stealth
 * Level 8.4 Spellcasting
 + Level 6.4 Invocations


You couldn't memorise any spells.
You knew the following spells:

 Your Spells              Type           Power      Damage    Failure   Level
a - Pain                  Necr           100%       1d9       1%          1
b - Spider Form           Tmut/Pois      27%        N/A       1%          3
e - Agony                 Necr           55%        N/A       4%          5
f - Vampiric Draining     Necr           27%        2d9       1%          3
o - Animate Dead          Necr           27%        N/A       1%          4
p - Animate Skeleton      Necr           100%       N/A       1%          1
r - Petrify               Tmut/Erth      55%        N/A       1%          4
w - Ensorcelled Hibernat  Hex/Ice        100%       N/A       1%          2
x - Apportation           Tloc           100%       N/A       1%          1
Your spell library was empty.

Dungeon Overview and Level Annotations

Branches:
Dungeon (7/15)             Temple (0/1) D:4

Altars:
Cheibriados
Fedhas
Nemelex Xobeh
Okawaru
Qazlal
Sif Muna
Xom
The Shining One

Shops:
D:2 ?   D:3 ?

Annotations:
D:3 1 runed translucent door, WaxSun's ghost, amateur OgFE


Innate Abilities, Weirdness & Mutations

You are immune to sickness and miasma.
You are immune to poison.
Your flesh is very heat resistant. (rF++)
You are vulnerable to cold. (rC-)
You float through the air rather than walking.
You learn spells naturally, not from books.
Your magical power is your life essence.
You have superior vitality. (+4 HP)


Message History

Casting: Vampiric Draining (safe; 1% risk of failure)
Confirm with . or Enter, or press ? or * to list all spells.
Aiming: Vampiric Draining (safe; 1% risk of failure)
Press: ? - help, Shift-Dir - straight line, f - ogre, p - gnoll
Aim: an ogre, wielding a +0 giant club You draw life force from the ogre!
You feel life coursing into your body. The gnoll barely misses you.
The ogre barely misses you. The gnoll hits you with a +0 club.
Unknown command.
Casting: Vampiric Draining (safe; 1% risk of failure)
Confirm with . or Enter, or press ? or * to list all spells.
Aiming: Vampiric Draining (safe; 1% risk of failure)
Press: ? - help, Shift-Dir - straight line, f/p - ogre
Aim: an ogre, wielding a +0 giant club (moderately wounded)
You draw life force from the ogre!
You feel life coursing into your body! The gnoll misses you.
The ogre completely misses you. The gnoll hits you with a +0 club!
Casting: Vampiric Draining (safe; 1% risk of failure)
Confirm with . or Enter, or press ? or * to list all spells.
Aiming: Vampiric Draining (safe; 1% risk of failure)
Press: ? - help, Shift-Dir - straight line, f/p - ogre
Aim: an ogre, wielding a +0 giant club (almost dead)
You draw life force from the ogre.
You feel life coursing into your body.
The gnoll misses you. x2; The ogre hits you with a +0 giant club!
* * * LOW HITPOINT WARNING * * *
Unknown command.
Casting: Vampiric Draining (safe; 1% risk of failure)
Confirm with . or Enter, or press ? or * to list all spells.
Aiming: Vampiric Draining (safe; 1% risk of failure)
Press: ? - help, Shift-Dir - straight line, f/p - ogre
Aim: an ogre, wielding a +0 giant club (almost dead)
You draw life force from the ogre!!
You kill the ogre!
Cheibriados appreciates the change of pace.
You feel life coursing into your body.
* * * LOW HITPOINT WARNING * * *
The gnoll hits you with a +0 club.
* * * LOW HITPOINT WARNING * * *
The gnoll hits you with a +0 club.
You die...

#..# .#.# ##.#
##...## #.. #.#
####...... ..#. ..#
#........# ..... .
##.....#..##...? #
....##......##.#...#
##..
.........##....# ..#
#...........).###..
.# ..##......@g....#
.# #.#
#..#####g..### # ..
##.# .(## ## .# #.##
.(# .####.# ##..#
.#. ..##..####...#
#### ...#.##....##.#
........#### ##
.....####


You could see 2 gnolls.

Vanquished Creatures
  Grinder (D:6)
  4 slime creatures (D:7)
  A water moccasin (D:6)
  Edmund (D:4)
  A black bear (D:6)
  2 ogres
  A necrophage (D:6)
  Blork the orc (D:4)
  5 wights (D:7)
  A centaur zombie (D:6)
  A hound (D:6)
  A jelly (D:7)
  An orc priest (D:7)
  Natasha (thrice) (D:3)
  An orc wizard (D:7)
  A killer bee zombie (D:7)
  5 gnolls
  4 adders
  4 dart slugs
  9 orcs
  5 endoplasms
  3 giant cockroaches
  8 goblins
  5 hobgoblins
  3 jackals (D:2)
  2 ball pythons
  3 frilled lizards
  4 kobolds
  4 rats
85 creatures vanquished.

Vanquished Creatures (others)
  A fungus (D:3)
1 creature vanquished.

Grand Total: 86 creatures vanquished

Notes
Turn   | Place    | Note
-------+----------+-------------------------------------------
     0 | D:1      | Spectrina the Djinni Necromancer began the quest for the
                  | Orb.
     0 | D:1      | Reached XP level 1. HP: 15/15 MP: 0/0
   187 | D:2      | Reached XP level 2. HP: 21/21 MP: 0/0
   315 | D:2      | Reached XP level 3. HP: 25/25 MP: 0/0
   315 | D:2      | Learned a level 1 spell: Apportation
   361 | D:1      | Reached skill level 4 in Spellcasting
   380 | D:2      | Found Lounalol's Magic Scroll Emporium.
   394 | D:2      | Bought a scroll of identify for 26 gold pieces
   394 | D:2      | Bought a scroll of noise for 13 gold pieces
   466 | D:3      | Noticed Natasha
   473 | D:3      | Killed Natasha
   474 | D:3      | Reached XP level 4. HP: 18/31 MP: 0/0
   482 | D:3      | Found a faded altar of an unknown god.
   491 | D:3      | Became a worshipper of Cheibriados the Contemplative
   491 | D:3      | Reached * piety under Cheibriados
   667 | D:3      | Found Qaxaif's Magic Scroll Shoppe.
   786 | D:2      | Bought a scroll of fog for 26 gold pieces
   850 | D:4      | Reached ** piety under Cheibriados
   910 | D:4      | Noticed Edmund
   919 | D:4      | Killed Edmund
   920 | D:4      | Reached skill level 5 in Spellcasting
   920 | D:4      | Reached skill level 1 in Invocations
   920 | D:4      | Reached XP level 5. HP: 5/35 MP: 0/0
   920 | D:4      | Learned a level 2 spell: Ensorcelled Hibernation
   920 | D:4      | Reached XP level 6. HP: 5/40 MP: 0/0
   966 | D:4      | Noticed Blork the orc
   973 | D:4      | Killed Blork the orc
   983 | D:4      | Found a staircase to the Ecumenical Temple.
  1054 | D:5      | Entered Level 5 of the Dungeon
  1165 | D:4      | Noticed an ogre
  1169 | D:4      | Killed an ogre
  1173 | D:4      | Reached XP level 7. HP: 42/45 MP: 0/0
  1173 | D:4      | Learned a level 3 spell: Spider Form
  1217 | D:3      | Found a runed translucent door.
  1222 | D:3      | Noticed WaxSun's ghost (amateur OgFE)
  1255 | D:3      | Noticed Natasha
  1259 | D:3      | Killed Natasha
  1323 | D:3      | Found a shimmering altar of Xom.
  1330 | D:3      | Found a stormy altar of Qazlal.
  1335 | D:3      | Found a sparkling altar of Nemelex Xobeh.
  1354 | D:3      | Found a blossoming altar of Fedhas.
  1358 | D:3      | Found an iron altar of Okawaru.
  1363 | D:3      | Found a glowing golden altar of the Shining One.
  1395 | D:3      | Noticed Natasha
  1401 | D:3      | Killed Natasha
  1568 | D:6      | Reached skill level 6 in Spellcasting
  1597 | D:7      | Noticed a slime creature
  1607 | D:7      | Killed a slime creature
  1608 | D:7      | Reached XP level 8. HP: 31/50 MP: 0/0
  1608 | D:7      | Noticed a slime creature
  1608 | D:7      | Noticed a slime creature
  1621 | D:7      | Killed a slime creature
  1638 | D:7      | Killed a slime creature
  1639 | D:7      | Reached skill level 7 in Spellcasting
  1648 | D:7      | Noticed a slime creature
  1662 | D:7      | Killed a slime creature
  1663 | D:7      | Reached skill level 5 in Invocations
  1721 | D:7      | Reached XP level 9. HP: 55/55 MP: 0/0
  1721 | D:7      | Learned a level 4 spell: Petrify
  1812 | D:7      | Reached *** piety under Cheibriados
  1923 | D:6      | Noticed Grinder
  1943 | D:6      | Killed Grinder
  1944 | D:6      | Reached skill level 8 in Spellcasting
  2101 | D:5      | HP: 2/55 [gnoll (6)]
  2101 | D:5      | Slain by a gnoll

Illustrated notes

Levels and vault maps discovered:
D:1:      dpeg_arrival_three_same_balls, layout_rooms, st_stairs_9,
          dk_noncrumbling_4
D:2:      minmay_wonky_spiral, layout_rooms, serial_shops, shop
D:3:      layout_basic, grunt_temple_overflow_octagram, ebering_ghost_sewer_f,
          serial_shops, nicolae_diamond_shop,
          shapermc_ecumenical_altar_rom_forum, uniq_natasha
D:4:      layout_loops_corners, minmay_temple_entry_water_ring,
          grunt_ministairs_6, minmay_box_of_dots, uniq_edmund,
          uniq_crazy_yiuf_cottage, uniq_blork_the_orc
D:5:      layout_layer_cave, mainiacjoe_overflow_tiny_flanked,
          nzn_wu_jian_council_hall, uniq_pikel
D:6:      layout_loops_corners, chequers_avenue, uniq_grinder
D:7:      layout_rooms, uniq_menkaure

Skill      XL: |  1  2  3  4  5  6  7  8  9 |
---------------+----------------------------+-----
Spellcasting   | 4 5 6 7 8 |  8.4
Invocations    | 1 2 4 5 6 |  6.4
Dodging        | |  2.1
Stealth        | |  1.5

Action                   |  1- 3 |  4- 6 |  7- 9 || total
-------------------------+-------+-------+-------++-------
Melee: Mace              |    23 |    12 |    60 ||    95
       Long sword        |       |       |    33 ||    33
 Fire: Hunting sling     |     4 |    15 |    66 ||    85
 Cast: Pain              |    41 |     6 |    12 ||    59
       Animate Skeleton  |     6 |     1 |       ||     7
       Vampiric Draining |     1 |    22 |    47 ||    70
       Ensorcelled Hiber |       |     1 |       ||     1
       Petrify           |       |       |     2 ||     2
Evoke: Wand              |       |       |     1 ||     1
  Use: Scroll            |     3 |     2 |     1 ||     6
 Stab: Sleeping          |       |     2 |       ||     2
       Petrified         |       |       |    19 ||    19
Armor: Robe              |    11 |     6 |    39 ||    56
Dodge: Dodged            |    10 |    24 |    85 ||   119
       Rpst.: Long sword |       |       |     2 ||     2
